 Dungeon Sprint DCSS version 0.29-a0-998-g1987434951 (webtiles) character file.

Game seed: 12140349152333953959

17875 Hubris850 the Sensei (level 12, -7/136 HPs)
             Began as a Merfolk Transmuter on Aug 5, 2022.
             Was a High Priest of Ru.
             Mangled by a reaper
             ... wielding a +1 vorpal scythe
              (25 damage)
             ... in the Dungeon (Sprint VII: "The Pits").
             The game lasted 00:13:58 (1980 turns).

Hubris850 the Sensei (Merfolk Transmuter)           Turns: 1980, Time: 00:13:59

Health: -7/136     AC: 10    Str: 16    XL:     12   Next: 52%
Magic:  7/22       EV: 17    Int: 12    God:    Ru [*****.]
Gold:   17         SH:  0    Dex: 17    Spells: 17/24 levels left

rFire   x . .      SeeInvis .     - Unarmed
rCold   + + +      Faith    .   (shield currently unavailable)
rNeg    . . .      Spirit   .   (body armour currently unavailable)
rPois   +          Reflect  .   (helmet currently unavailable)
rElec   .          Harm     .   (cloak currently unavailable)
rCorr   .          Rampage  .   (gloves currently unavailable)
Will    .....      NoTele   +   (boots currently unavailable)
Stlth   ++........              (no amulet)
HPRegen 0.32/turn               l - +3 ring of protection
MPRegen 0.18/turn               m - +3 ring of strength

@: ice-form (expiring), hasted and slowed, unable to read
A: freezing attack, boosted hp, large, inability to read while threatened 2,
inability to use devices, hated by all, (nimble swimmer 2), (mertail)
a: End Transformation, Renounce Religion, Draw Out Power, Power Leap, Apocalypse


You were in the Dungeon.
You worshipped Ru.
Ru was extremely pleased with you.
You were a creature of crystalline ice.
You visited 1 branch You collected 17 gold pieces.

Inventory:

Hand Weapons
 p - a +2 scimitar of flaming
 D - the +10 scimitar of Niwippu {drain, rElec rF++ rN+ Dex-3}
   (You found it in the Dungeon)

   A truly terrible weapon, it drains the life of any living foe it strikes.
   Dex:       It affects your dexterity (-3).
   rF:        It greatly protects you from fire.
   rElec:     It insulates you from electricity.
   rN:        It protects you from negative energy.
Missiles
 n - 4 throwing nets
Armour
 a - a +0 robe (melded)
 q - a +0 pair of gloves (melded)
 r - a +0 cloak (melded)
Magical Staves
 B - a staff of cold
Jewellery
 l - a +3 ring of protection (left front paw)
 m - a +3 ring of strength (right front paw)
 y - a +4 ring of protection
 z - a ring of magical power
 A - an amulet of faith
 C - a ring of willpower
Wands
 s - a wand of polymorph (9)
Scrolls
 h - 2 scrolls of blinking
 j - 5 scrolls of amnesia
 k - a scroll of summoning
 t - 3 scrolls of fog
 u - a scroll of fear
 v - 2 scrolls of enchant armour
 w - 6 scrolls of identify
Potions
 b - a potion of lignification
 c - 9 potions of curing
 d - 9 potions of heal wounds
 f - 4 potions of magic
 g - 2 potions of berserk rage
 i - a potion of invisibility
 o - 2 potions of mutation
 x - 2 potions of brilliance


   Skills:
 + Level 17.1 Fighting
 - Level 13.0 Dodging
 * Level 24.4 Unarmed Combat
 - Level 6.7 Spellcasting
 - Level 9.5 Transmutations
 - Level 7.5 Ice Magic


You had 17 spell levels left.
You knew the following spells:

 Your Spells              Type           Power      Damage    Failure   Level
a - Beastly Appendage     Tmut           54%        N/A       1%          1
b - Wereblood             Tmut           27%        N/A       1%          2
c - Ice Form              Ice/Tmut       24%        N/A       4%          4

Your spell library contained the following spells:

 Spells                   Type           Power      Damage    Failure   Level
 Spider Form              Tmut/Pois      15%        N/A       7%          3


Dungeon Overview and Level Annotations

Branches:
Dungeon (1/1)

Altars:
Ashenzari
Cheibriados
Dithmenos
Elyvilon
Gozag
Kikubaaqudgha
Makhleb
Nemelex Xobeh
Okawaru
Qazlal
Ru
Sif Muna
Trog
Uskayaw
Vehumet
Wu Jian
Xom
Zin
The Shining One
Lugonu


Innate Abilities, Weirdness & Mutations

You are a creature of crystalline ice.
You have a powerful freezing melee attack.
Your maximum health is increased.
Your armour is entirely melded.
You are incapable of wielding weapons or throwing items.
You sometimes lose the ability to read scrolls when taking damage.
You cannot study or use magical devices.
You are hated by all.
((You are very nimble when in or above water. (Stealth+, EV+, Speed+++)))
((Your lower body shifts to a powerful aquatic tail in water.))


Message History

The rakshasa is stunned by your conviction and fails to attack.
You pummel the rakshasa!! You freeze the rakshasa!
You kill the rakshasa!
You are engulfed in blazing flames.
* * * LOW HITPOINT WARNING * * *
Your Fighting skill increases to level 17!
You feel much better.
You are engulfed in blazing flames.
The eidolon gestures.
The eidolon radiates an aura of fear!
You are terrified of the eidolon!
The reaper closely misses you.
You feel much better.
Okay, then.
Okay, then.
You are no longer terrified.
You completely miss the eidolon.
The eidolon is lightly damaged.
You pulverise the eidolon!!!
The eidolon is severely damaged.
Your transformation is almost over.
You hear a shout!
The reaper hits you from afar with a +1 vorpal scythe!
The eidolon hits you! The eidolon drains your vigour!
You feel yourself slow down. The eidolon barely misses you.
You pulverise the eidolon!!!
You freeze the eidolon.
You destroy the eidolon!
A spriggan comes into view. It is wielding a +0 rapier.
The spriggan hits you with a +0 rapier.
The reaper hits you with a +1 vorpal scythe.
You see here a +2 robe.
You punch the reaper! You freeze the reaper.
The reaper is lightly wounded.
The spriggan hits you but does no damage.
The reaper hits you with a +1 vorpal scythe!!!
* * * LOW HITPOINT WARNING * * *
x2 Unknown command.
You feel much better. The spriggan hits you with a +0 rapier!
* * * LOW HITPOINT WARNING * * *
The reaper hits you with a +1 vorpal scythe!!
You die...

############## #.............
#............. #..###(#######
#..##(#†# #..#)#2#.#
#..##Y#.#Z# #..#.#i#.#t#
#..##.#.#Z#3#
#..################
############..................
_________.##..................
_________.###########''######
_______...###########''######
#########'##................#


You could see a reaper and a spriggan.

Vanquished Creatures
  A lorocyproca (D)
  2 minotaurs (D)
  An eidolon (D)
  A rakshasa (D)
  A great orb of eyes (D)
  A boulder beetle (D)
  Harold (D)
  A centaur warrior (D)
  A death knight (D)
  A death yak (D)
  A vampire mage (D)
  A sun demon (D)
  A fire crab (D)
  A shadow wraith (D)
  An orc knight (D)
  A wizard (D)
  A phantasmal warrior (D)
  A deep elf pyromancer (D)
  2 cyclopes (D)
  A guardian serpent (D)
  2 orange demons (D)
  2 black mambas (D)
  A smoke demon (D)
  A gargoyle (D)
  2 cane toads (D)
  A rime drake (D)
  An efreet (D)
  A hellwing (D)
  A red devil (D)
  Prince Ribbit (D)
  A hornet (D)
  3 blink frogs (D)
  4 dream sheep (D)
  A snapping turtle (D)
  A flying skull (D)
  2 fire bats (D)
  4 vampire mosquitoes (D)
  A floating eye (D)
  An orc warrior (D)
  A sky beast (D)
  2 centaurs (D)
  A phantom (D)
  A small abomination (D)
  2 scorpions (D)
  A quasit (D)
  Crazy Yiuf (D)
  An iguana (D)
  A hell rat (D)
  A mummy (D)
  A gnoll (D)
  2 adders (D)
  3 ufetubi (D)
  4 orcs (D)
  A bat zombie (D)
  2 endoplasms (D)
  A giant cockroach (D)
  A hobgoblin (D)
  4 jackals (D)
  A rat (D)
85 creatures vanquished.

Vanquished Creatures (others)
  A redback (D)
1 creature vanquished.

Grand Total: 86 creatures vanquished

Notes
Turn   | Place    | Note
-------+----------+-------------------------------------------
     0 | D        | Hubris850 the Merfolk Transmuter began the quest for the
                  | Orb.
     0 | D        | Reached XP level 1. HP: 15/15 MP: 3/3
    37 | D        | Found a bloodstained altar of Trog.
    37 | D        | Found a shimmering blue altar of Sif Muna.
    37 | D        | Found a viscous altar of Jiyva.
    37 | D        | Found a hazy altar of Hepliaklqana.
    37 | D        | Found an opulent altar of Gozag.
    38 | D        | Found a glowing golden altar of the Shining One.
    38 | D        | Found a glowing silver altar of Zin.
    38 | D        | Found a basalt altar of Yredelemnul.
    38 | D        | Found a shimmering altar of Xom.
    38 | D        | Found an ornate altar of the Wu Jian Council.
    38 | D        | Found a sacrificial altar of Ru.
    38 | D        | Found a stormy altar of Qazlal.
    38 | D        | Found an iron altar of Okawaru.
    38 | D        | Found a sparkling altar of Nemelex Xobeh.
    38 | D        | Found a burning altar of Makhleb.
    38 | D        | Found a blossoming altar of Fedhas.
    38 | D        | Found a white marble altar of Elyvilon.
    38 | D        | Found a shadowy altar of Dithmenos.
    38 | D        | Found a snail-covered altar of Cheibriados.
    39 | D        | Found a radiant altar of Vehumet.
    39 | D        | Found a corrupted altar of Lugonu.
    40 | D        | Found an ancient bone altar of Kikubaaqudgha.
    40 | D        | Found a hide-covered altar of Uskayaw.
    40 | D        | Found a broken altar of Ashenzari.
    42 | D        | Became a worshipper of Ru the Awakened
    50 | D        | Noticed a scorpion
    56 | D        | Killed a scorpion
    57 | D        | Reached skill level 5 in Unarmed Combat
    57 | D        | Reached skill level 5 in Transmutations
    57 | D        | Reached XP level 2. HP: 21/21 MP: 3/6
    57 | D        | Reached XP level 3. HP: 26/26 MP: 4/8
    57 | D        | Reached XP level 4. HP: 32/32 MP: 4/9
    95 | D        | Learned a level 2 spell: Wereblood
   100 | D        | Learned a level 4 spell: Ice Form
   132 | D        | Noticed a floating eye
   134 | D        | Killed a floating eye
   135 | D        | Reached skill level 6 in Unarmed Combat
   135 | D        | Reached skill level 5 in Spellcasting
   135 | D        | Reached skill level 5 in Ice Magic
   135 | D        | Reached XP level 5. HP: 37/37 MP: 4/12
   223 | D        | Noticed a flying skull
   232 | D        | Reached skill level 7 in Unarmed Combat
   237 | D        | Killed a flying skull
   238 | D        | Reached skill level 8 in Unarmed Combat
   238 | D        | Reached XP level 6. HP: 43/43 MP: 8/15
   276 | D        | Noticed Prince Ribbit
   282 | D        | Noticed a fire bat
   284 | D        | Killed a fire bat
   285 | D        | Reached skill level 9 in Unarmed Combat
   285 | D        | Reached XP level 7. HP: 52/52 MP: 12/17
   285 | D        | Killed Prince Ribbit
   286 | D        | Reached skill level 10 in Unarmed Combat
   324 | D        | Noticed a black mamba
   328 | D        | Killed a black mamba
   329 | D        | Reached skill level 5 in Fighting
   329 | D        | Reached skill level 11 in Unarmed Combat
   329 | D        | Reached XP level 8. HP: 44/64 MP: 18/18
   336 | D        | Gained mutation: You are hated by all. [Ru sacrifice]
   336 | D        | Reached * piety under Ru
   518 | D        | Noticed a gargoyle
   522 | D        | Killed a gargoyle
   523 | D        | Reached skill level 12 in Unarmed Combat
   639 | D        | Noticed Crazy Yiuf
   639 | D        | Noticed a rime drake
   640 | D        | Noticed an orange demon
   643 | D        | Killed Crazy Yiuf
   646 | D        | Killed a rime drake
   647 | D        | Reached skill level 13 in Unarmed Combat
   647 | D        | Reached XP level 9. HP: 72/72 MP: 13/19
   650 | D        | Killed an orange demon
   651 | D        | Reached skill level 10 in Dodging
   651 | D        | Reached skill level 14 in Unarmed Combat
   715 | D        | Noticed a cyclops
   715 | D        | Noticed a boulder beetle
   715 | D        | Noticed a deep elf pyromancer
   715 | D        | Noticed a hellwing
   726 | D        | Killed a hellwing
   734 | D        | Reached skill level 15 in Unarmed Combat
   735 | D        | Killed a deep elf pyromancer
   741 | D        | Reached skill level 10 in Fighting
   741 | D        | Reached XP level 10. HP: 31/85 MP: 18/20
   747 | D        | Killed a boulder beetle
   748 | D        | Reached skill level 16 in Unarmed Combat
   750 | D        | Killed a cyclops
   971 | D        | Noticed a cane toad
   974 | D        | Killed a cane toad
   975 | D        | Reached skill level 17 in Unarmed Combat
  1000 | D        | Noticed a phantasmal warrior
  1007 | D        | Killed a phantasmal warrior
  1008 | D        | Reached skill level 18 in Unarmed Combat
  1016 | D        | Noticed a smoke demon
  1024 | D        | Killed a smoke demon
  1031 | D        | Gained mutation: You cannot study or use magical devices.
                  | [Ru sacrifice]
  1031 | D        | Reached ** piety under Ru
  1031 | D        | Reached *** piety under Ru
  1170 | D        | Noticed a cyclops
  1174 | D        | Noticed a centaur warrior
  1178 | D        | Killed a centaur warrior
  1179 | D        | Reached XP level 11. HP: 96/96 MP: 15/21
  1182 | D        | Killed a cyclops
  1183 | D        | Reached skill level 19 in Unarmed Combat
  1192 | D        | Noticed an orc knight
  1193 | D        | Noticed a death yak
  1199 | D        | Killed a death yak
  1206 | D        | Killed an orc knight
  1207 | D        | Reached skill level 20 in Unarmed Combat
  1437 | D        | Noticed a wizard
  1439 | D        | Noticed Harold
  1440 | D        | Noticed a great orb of eyes
  1449 | D        | Killed a wizard
  1454 | D        | Killed Harold
  1455 | D        | Reached skill level 21 in Unarmed Combat
  1457 | D        | Killed a great orb of eyes
  1463 | D        | Reached skill level 15 in Fighting
  1467 | D        | Reached skill level 22 in Unarmed Combat
  1470 | D        | Gained mutation: You occasionally lose the ability to read
                  | scrolls when taking damage. [Ru sacrifice]
  1470 | D        | Gained mutation: You sometimes lose the ability to read
                  | scrolls when taking damage. [Ru sacrifice]
  1470 | D        | Reached **** piety under Ru
  1470 | D        | Reached ***** piety under Ru
  1844 | D        | Got the +10 scimitar of Niwippu {drain, rElec rF++ rN+
                  | Dex-3}
  1923 | D        | Noticed a fire crab
  1926 | D        | Noticed a death knight
  1929 | D        | Killed a death knight
  1929 | D        | Noticed a minotaur
  1933 | D        | Killed a minotaur
  1934 | D        | Reached XP level 12. HP: 54/111 MP: 16/22
  1934 | D        | Identified the +8 chain mail "Taugogu" {Dex+4}
  1934 | D        | Noticed a minotaur
  1942 | D        | Noticed a sun demon
  1943 | D        | Killed a lorocyproca
  1944 | D        | Reached skill level 23 in Unarmed Combat
  1947 | D        | Noticed a vampire mage
  1951 | D        | Killed a minotaur
  1959 | D        | Killed a vampire mage
  1962 | D        | Killed a sun demon
  1963 | D        | Noticed a rakshasa
  1966 | D        | Reached skill level 24 in Unarmed Combat
  1966 | D        | Noticed an eidolon
  1970 | D        | Noticed a reaper
  1971 | D        | Killed a rakshasa
  1977 | D        | Killed an eidolon
  1979 | D        | HP: 1/136 [reaper/+1 vorpal scythe (10)]
  1980 | D        | Mangled by a reaper

Illustrated notes

Levels and vault maps discovered:
D:        pitsprint [storerooms_1, entrance_room_1, metal_vault_3, armoury_2,
          mini_pit_1, grid_room_1, main_hall_1, silver_pit, the_coven_3,
          the_vestibule_1, steel_vault_1, golden_pit, hallway_of_sentries,
          crystal_vault_4, iron_vault_2, final_vault]

Skill      XL: |  1  2  3  4  5  6  7  8  9 10 11 12 |
---------------+-------------------------------------+-----
Transmutations | 5 7 9 |  9.5
Unarmed Combat | 5 6 8 9 11 13 15 18 22 24 | 24.4
Spellcasting   | 3 5 6 |  6.7
Ice Magic      | 3 5 7 |  7.5
Fighting       | 3 5 7 10 12 15 17 | 17.1
Dodging        | 4 7 9 12 13 | 13.0

Action                   |  1- 3 |  4- 6 |  7- 9 | 10-12 || total
-------------------------+-------+-------+-------+-------++-------
Melee: Unarmed           |     8 |    24 |    41 |   118 ||   191
       Punch             |     1 |       |       |       ||     1
 Cast: Ice Form          |       |     3 |     3 |     4 ||    10
       Wereblood         |       |     2 |     3 |     4 ||     9
Invok: Sacrifice Love    |       |       |     1 |       ||     1
       Sacrifice Artific |       |       |       |     1 ||     1
       Sacrifice Words   |       |       |       |     1 ||     1
  Use: Potion            |     1 |     1 |     1 |    13 ||    16
 Stab: Sleeping          |       |     1 |     1 |       ||     2
       Invisible         |       |       |       |     8 ||     8
Armor: Skin              |       |    14 |    13 |    29 ||    56
Dodge: Dodged            |     3 |    10 |    20 |    86 ||   119

Table legend: (Time is in decaauts)
 A = Elapsed time spent in this place.
 B = Non-inter-level travel time spent in this place.
 C = Inter-level travel time spent in this place.
 D = Time resting spent in this place.
 E = Time spent auto-exploring this place.
 F = Levels seen in this place.
 G = Mean time per level.
                   A        B        C        D        E       F      G
               +--------+--------+--------+--------+--------+-----+--------+
         Total |   1934 |   1934 |      0 |   1190 |      0 |   1 | 1934.0 |
       Dungeon |   1934 |   1934 |      0 |   1190 |      0 |   1 | 1934.0 |
               +--------+--------+--------+--------+--------+-----+--------+

Top non-repeatable levels by time:
       D: 1934 daAuts
